 Dungeon Crawl Stone Soup version 0.30.1-9-gdf580d7c3d (webtiles) character file.

Game seed: 1396696003315936138

36 lonewolfV2 the Changer (level 3, -5/15 HPs)
             Began as a Felid Transmuter on Oct 13, 2023.
             Killed from afar by Ijyb (12 damage)
             ... with a bolt of acid
             ... on level 3 of the Dungeon.
             The game lasted 00:03:41 (2379 turns).

lonewolfV2 the Changer (Felid Transmuter)           Turns: 2379, Time: 00:03:42

Health: -5/15      AC:  1    Str:  6    XL:     3   Next: 19%
Magic:  8/8        EV: 17    Int: 16    God:
Gold:   229        SH:  0    Dex: 16    Spells: 5/8 levels left
                                        Lives:  0   Deaths: 1

rFire   . .          .
                       - Unarmed
rCold   . . .        (shield unavailable)
rNeg    . . .        (body armour unavailable)
rPois   .            (helmet unavailable)
rElec   .            (cloak unavailable)
rCorr   .            (gloves unavailable)
SInv    +            (boots unavailable)
Will    .....        e - amulet of magic regeneration
Stlth   +            (no ring)
HPRegen 0.22/turn    (no ring)
MPRegen 0.51/turn

%: no passive effects
@: wereblooded, quick
A: very small, claws 1, fangs 3, see invisible, speed 1, shaggy fur 1, stealthy
paws, no weapons or thrown items, no armour, multi-lived
a: no special abilities


You were on level 3 of the Dungeon.
You visited 1 branch of the dungeon, and saw 3 of its levels.

You collected 229 gold pieces.

Inventory:

Jewellery
 e - an amulet of magic regeneration (around neck)
Scrolls
 c - a scroll of identify
 d - a scroll of amnesia
Potions
 a - a potion of lignification
 b - 2 potions of brilliance
 g - a potion of invisibility
 h - a potion of degeneration


   Skills:
 - Level 1.0 Fighting
 - Level 2.6 Dodging
 - Level 3.0 Unarmed Combat
 + Level 3.2 Spellcasting
 + Level 3.8 Transmutations


You had 5 spell levels left.
You knew the following spells:

 Your Spells              Type           Power      Damage    Failure   Level
a - Beastly Appendage     Tmut           28%        N/A       3%          1
b - Wereblood             Tmut           14%        N/A       6%          2

Your spell library contained the following spells:

 Spells                   Type           Power      Damage    Failure   Level
 Spider Form              Tmut/Pois      8%         N/A       26%         3
 Ozocubu's Armour         Ice            2%         N/A       50%         3
 Ice Form                 Ice/Tmut       8%         N/A       63%         4
 Ozocubu's Refrigeration  Ice            1%         4d7       100%        7


Dungeon Overview and Level Annotations

Branches:
Dungeon (3/15)

Altars:
Nemelex Xobeh

Annotations:
D:3 Ijyb, Sigmund


Innate Abilities, Weirdness & Mutations

You have sharp claws.
You have razor-sharp teeth.
You have supernaturally acute eyesight. (SInv)
You cover ground quickly. (Speed+)
You are covered in fur. (AC +1)
Your paws help you pounce on unaware monsters.
You are incapable of wielding weapons or throwing items.
You cannot wear armour.
You gain extra lives every three experience levels.


Message History

Your transformation is almost over.
The rat misses you.
You scratch the rat.
The rat is severely wounded.
The rat barely misses you. Ijyb barely misses you.
You scratch the rat.
You kill the rat!
You howl as the wereblood boils in your veins!
Ijyb misses you.
You scratch the orc. You headbutt the orc, but do no damage. You bite the orc.
You kill the orc!
Ijyb misses you. Ijyb hits you with a +0 dagger.
Things that are here:
a +0 club; a +0 ring mail; a rat corpse You closely miss Ijyb.
You howl as the wereblood boils in your veins!
Ijyb hits you with a +0 dagger.
You scratch Ijyb but do no damage. Your claw misses Ijyb.
Ijyb barely misses you.
You closely miss Ijyb. Ijyb completely misses you.
You scratch Ijyb.
Ijyb is moderately wounded.
Ijyb closely misses you.
You scratch Ijyb. You headbutt Ijyb. You bite Ijyb.
Ijyb is severely wounded.
Ijyb zaps a wand.
The bolt of acid misses you.
You scratch Ijyb but do no damage. Your bite misses Ijyb.
Ijyb is severely wounded.
Your horns disappear.
Ijyb barely misses you.
You scratch Ijyb.
Ijyb is severely wounded.
Ijyb hits you with a +0 dagger.
You scratch Ijyb but do no damage.
Ijyb is severely wounded.
Ijyb screams, "Level is mine!
All mine!"
Ijyb zaps a wand.
The bolt of acid hits you!
Ouch! That really hurt!
You die...

##.#.# ######### ..####
#.#.# ....).?.# #....#
.# # ........####....+
.#
..........$##...######
#...(......++...+....
...........##...##.#####
...........##...#......#
......g@# #......#
........# #.##...#
..#####.#####.##...#
#.......##...#####
#########.........
#.......## #.......##
#......... #.........


You could see Ijyb.

Vanquished Creatures
  An adder (D:2)
  A worm (D:2)
  2 dart slugs
  2 orcs (D:3)
  5 ball pythons
  4 endoplasms
  3 giant cockroaches
  6 goblins
  5 hobgoblins
  6 jackals
  A quokka (D:2)
  4 bats
  A frilled lizard (D:1)
  4 kobolds
  12 rats
57 creatures vanquished.

Notes
Turn   | Place    | Note
-------+----------+-------------------------------------------
     0 | D:1      | lonewolfV2 the Felid Transmuter began the quest for the
                  | Orb.
     0 | D:1      | Reached XP level 1. HP: 9/9 MP: 4/4
   139 | D:1      | Reached XP level 2. HP: 12/12 MP: 4/6
   727 | D:1      | Reached XP level 3. HP: 9/15 MP: 6/8
   956 | D:2      | Learned a level 2 spell: Wereblood
  1138 | D:2      | Found a sparkling altar of Nemelex Xobeh.
  2031 | D:3      | Identified the +0 leather armour of the Raven {Harm rPois
                  | Int+4}
  2106 | D:3      | Reached XP level 4. HP: 19/19 MP: 7/9
  2320 | D:3      | Noticed Sigmund
  2334 | D:3      | Succumbed to Sigmund's poison
  2335 | D:3      | Reached XP level 3. HP: -1/15 MP: 8/8
  2355 | D:3      | Noticed Ijyb
  2379 | D:3      | Killed from afar by Ijyb

Illustrated notes

Levels and vault maps discovered:
D:1:      dpeg_arrival_orchard, layout_loops_ring
D:2:      layout_basic, basic_altar, kennysheep_minor_cross,
          kennysheep_generic_room_10
D:3:      layout_basic, nicolae_overflow_hidden_temple,
          lemuel_coloured_pillars_altar, uniq_sigmund, uniq_ijyb

Skill      XL: |  1  2  3 |
---------------+----------+-----
Transmutations | 3 |  3.8
Spellcasting   | 3 |  3.2
Fighting       | |  1.0
Dodging        | |  2.6
Unarmed Combat | |  3.0

Action                     |  1- 3 |  4- 6 || total
---------------------------+-------+-------++-------
  Melee: Unarmed           |   134 |    19 ||   153
         Headbutt          |    19 |     2 ||    21
         Bite              |    12 |     2 ||    14
         Punch             |     4 |       ||     4
   Cast: Beastly Appendage |    32 |     4 ||    36
         Wereblood         |     6 |     3 ||     9
    Use: Scroll            |     6 |       ||     6
   Stab: Distracted        |     1 |       ||     1
 Armour: Skin              |     6 |     1 ||     7
  Dodge: Dodged            |    88 |    17 ||   105
